Map: Dusk Towers

Players

LiquidMaNa (MaNa)

  • Race: Protoss Protoss
  • League: Grandmaster

MinChul (MC) - Winner!

  • Race: Protoss Protoss

Event: Homestory Cup XII

VOD

Have the link to the VOD?

Description

Time

  • Played on: Dec. 19, 2015, 1:15 p.m.
  • Length: 8:39

All games in this series

Show
View Real Time Build Order
Export as new Build Order

LiquidMaNa Protoss 

Build Orders: 1 Gate Expand, Blink Stalkers 

Get SALT Encoding   

  12  0:00  Probe (Chrono Boost)  
  13  0:11  Probe (Chrono Boost)  
  14  0:17  Pylon  
  14  0:22  Probe (Chrono Boost)  
  15  0:35  Probe (Chrono Boost)  
  16  0:36  Gateway  
  16  0:45  Probe (Chrono Boost)  
  17  0:56  Probe (Chrono Boost)  
  18  1:11  Nexus  
  18  1:16  Probe (Chrono Boost)  
  19  1:19  Assimilator  
  19  1:27  Probe (Chrono Boost)  
  19  1:32  Cybernetics Core  
  20  1:37  Probe (Chrono Boost)  
  21  1:40  Assimilator  
  21  1:48  Probe (Chrono Boost)  
  21  1:51  Pylon  
  22  1:58  Probe (Chrono Boost)  
  23  2:10  Probe (Chrono Boost), Adept, Warp Gate  
  26  2:20  Probe (Chrono Boost)  
  27  2:24  Probe (Chrono Boost)  
  28  2:31  Probe (Chrono Boost)  
  28  2:35  Probe (Chrono Boost)  
  28  2:37  Adept  
  32  2:40  Twilight Council  
  32  2:42  Assimilator  
  32  2:46  Probe x2 (Chrono Boost)  
  34  2:56  Probe (Chrono Boost)  
  34  2:57  Mothership Core (Chrono Boost)  
  36  3:08  Probe (Chrono Boost)  
  37  3:14  Probe (Chrono Boost)  
  37  3:18  Probe (Chrono Boost), Blink (Chrono Boost)  
  39  3:24  Probe  
  40  3:30  Probe  
  40  3:31  Pylon  
  40  3:32  Pylon  
  41  3:34  Probe  
  42  3:42  Probe  
  42  3:45  Probe, Pylon  
  44  3:54  Probe  
  44  3:55  Probe, Robotics Facility  
  45  4:00  Pylon  
  46  4:05  Gateway  
  46  4:06  Probe x2, Gateway  
  48  4:13  Assimilator  
  48  4:15  Stalker  
  48  4:17  Probe  
  50  4:18  Probe  
  50  4:23  Pylon  
  52  4:27  Probe  
  52  4:30  Probe  
  54  4:38  Probe  
  52  4:44  Sentry  
  54  4:48  Probe x2  
  53  4:57  Pylon x2  
  53  4:58  Observer (Chrono Boost)  
  53  5:01  Pylon  
  53  5:02  Probe  
  53  5:04  Probe  
  53  5:12  Pylon  
  53  5:13  Pylon  
  53  5:16  Probe  
  53  5:19  Observer (Chrono Boost)  
  52  5:23  Probe  
  52  5:28  Probe  
  53  5:31  Stalker x2  
  57  5:40  Probe  
  57  5:41  Probe  
  59  5:50  Warp Prism (Chrono Boost)  
  59  5:52  Pylon  
  59  5:55  Stalker x2  
  59  5:57  Probe  
  59  6:02  Probe  
  60  6:09  Probe  
  60  6:12  Probe  
  61  6:20  Stalker x3  
  67  6:28  Probe  
  67  6:30  Probe  
  69  6:38  Nexus  
  69  6:43  Pylon  
  69  6:45  Gateway  
  71  6:51  Immortal (Chrono Boost)  
  71  6:54  Sentry x2  
  75  6:59  Sentry  
  79  7:06  Pylon  
  79  7:08  Pylon  
  79  7:09  Gateway  
  79  7:17  Adept x2  
  83  7:29  Immortal (Chrono Boost)  
  84  7:35  Gateway  
  84  7:40  Adept x2  
  84  7:41  Stalker  
  88  7:49  Stalker  
  90  7:51  Probe x2  
  90  7:53  Probe  
  93  8:02  Stalker x2  
  85  8:12  Stalker  
  91  8:14  Gateway  
  91  8:16  Probe  
  92  8:20  Stalker  
  92  8:25  Stalker  
  92  8:26  Stalker x3, Probe  
Show
View Real Time Build Order
Export as new Build Order

MinChul Protoss - Winner!

Build Orders: 1 Gate Expand, Dark Templar Rush 

Get SALT Encoding   

  12  0:00  Probe (Chrono Boost)  
  13  0:11  Probe (Chrono Boost)  
  14  0:17  Pylon  
  14  0:22  Probe (Chrono Boost)  
  16  0:35  Probe (Chrono Boost)  
  16  0:36  Gateway  
  16  0:46  Probe (Chrono Boost)  
  16  0:47  Assimilator  
  17  0:56  Probe (Chrono Boost)  
  18  1:07  Probe (Chrono Boost)  
  19  1:19  Nexus  
  19  1:31  Cybernetics Core  
  20  1:32  Probe (Chrono Boost)  
  20  1:40  Assimilator  
  20  1:44  Probe (Chrono Boost)  
  21  1:51  Pylon  
  21  1:54  Probe (Chrono Boost)  
  22  2:05  Probe (Chrono Boost)  
  23  2:09  Adept (Chrono Boost)  
  23  2:11  Warp Gate  
  23  2:15  Probe (Chrono Boost)  
  26  2:27  Probe (Chrono Boost)  
  27  2:31  Twilight Council  
  27  2:38  Mothership Core (Chrono Boost)  
  27  2:41  Pylon  
  29  2:47  Probe (Chrono Boost)  
  30  2:52  Stalker  
  30  2:58  Probe x2 (Chrono Boost)  
  34  3:08  Probe (Chrono Boost)  
  34  3:10  Dark Shrine  
  35  3:14  Probe (Chrono Boost)  
  35  3:19  Probe (Chrono Boost)  
  37  3:22  Gateway  
  37  3:25  Probe (Chrono Boost)  
  38  3:29  Probe (Chrono Boost)  
  38  3:31  Stalker  
  41  3:37  Probe (Chrono Boost)  
  41  3:40  Probe (Chrono Boost)  
  43  3:46  Robotics Facility  
  43  3:50  Probe x2 (Chrono Boost)  
  43  3:58  Assimilator  
  43  3:59  Assimilator  
  43  4:01  Probe x2 (Chrono Boost)  
  45  4:10  Pylon  
  45  4:11  Probe x2 (Chrono Boost)  
  45  4:14  Pylon  
  47  4:21  Dark Templar  
  47  4:22  Dark Templar  
  51  4:26  Probe x2 (Chrono Boost)  
  54  4:38  Probe x2 (Chrono Boost)  
  53  4:52  Probe x2 (Chrono Boost)  
  55  4:57  Dark Templar x2  
  59  5:00  Pylon  
  59  5:02  Probe x2 (Chrono Boost)  
  61  5:09  Pylon  
  61  5:10  Pylon  
  61  5:13  Probe x2 (Chrono Boost)  
  63  5:19  Nexus  
  63  5:23  Probe (Chrono Boost)  
  63  5:24  Blink (Chrono Boost)  
  64  5:31  Stalker  
  64  5:32  Stalker, Probe, Observer  
  64  5:35  Probe  
  67  5:44  Gateway, Probe  
  67  5:45  Gateway  
  67  5:47  Probe  
  67  5:48  Pylon  
  67  5:49  Pylon  
  69  5:55  Immortal (Chrono Boost)  
  69  5:56  Sentry  
  69  5:57  Sentry  
  69  6:02  Probe x2  
  77  6:09  Pylon  
  75  6:14  Probe x2  
  75  6:15  Forge  
  75  6:18  Gateway  
  77  6:22  Gateway  
  77  6:26  Sentry x2  
  77  6:29  Immortal  
  81  6:35  Probe  
  81  6:36  Probe  
  81  6:37  Probe  
  88  6:43  Stalker x2  
  88  6:46  Probe  
  92  6:48  Probe  
  92  6:49  Probe  
  92  6:54  Assimilator x2  
  95  6:57  Protoss Ground Weapons Level 1 (Chrono Boost)  
  95  6:59  Stalker x2  
  99  7:03  Pylon, Warp Prism  
  99  7:08  Probe x3  
  101  7:21  Probe x3  
  102  7:30  Stalker x3  
  102  7:31  Stalker x2  
  102  7:32  Stalker  
  114  7:39  Probe x3  
  116  7:53  Stalker  
  116  7:54  Stalker x2  
  122  7:58  Probe x2  
  122  7:59  Probe  
  123  8:09  Stalker x3  
  129  8:13  Gateway  
  129  8:17  Gateway  
  129  8:19  Gateway  
  128  8:20  Stalker x3  
  128  8:21  Pylon  
  114  8:34  Stalker x3  
Tags
 
Add a new tag
Caveats
  • Supply blocks, unpowered buildings, or Contaminate may cause inaccurate times.
  • Supply counts are checked every 10 seconds.